Map: Battle on the Boardwalk LE

Players

DropTable

  • Race: Zerg Zerg
  • League: Diamond
  • Spawn Location: 11:00

Rye - Winner!

  • Race: Zerg Zerg
  • League: Diamond
  • Spawn Location: 1:00

VOD

Have the link to the VOD?

Description

Time

  • Played on: Dec. 26, 2017, 12:41 a.m.
  • Length: 23:46
Show
View Real Time Build Order
Export as new Build Order

DropTable Zerg 

Build Orders: Hatch First 

Get SALT Encoding   

  12  0:01  Drone  
  13  0:08  Drone  
  14  0:17  Overlord  
  14  0:36  Drone x3  
  17  0:54  Hatchery  
  16  0:59  Drone  
  16  1:02  Drone  
  18  1:13  Extractor  
  18  1:18  Drone, Spawning Pool  
  16  1:22  Drone  
  18  1:43  Drone  
  18  1:45  Overlord  
  19  2:06  Queen x2  
  23  2:18  Metabolic Boost  
  23  2:23  Zergling x10  
  23  2:28  Drone  
  29  2:35  Overlord  
  29  2:41  Drone  
  30  2:47  Queen  
  30  2:50  Queen  
  34  2:53  Drone x2  
  34  2:57  Drone  
  37  3:12  Drone x2  
  39  3:17  Evolution Chamber  
  38  3:20  Evolution Chamber  
  38  3:24  Roach Warren  
  36  3:29  Queen  
  36  3:33  Queen  
  40  3:36  Drone  
  41  3:47  Drone x3  
  44  3:49  Overlord  
  44  4:02  Overlord  
  44  4:17  Roach x4  
  49  4:19  Overlord x2  
  51  4:29  Spine Crawler  
  50  4:33  Roach x3  
  50  4:36  Roach  
  58  4:39  Roach  
  60  4:52  Queen  
  62  4:53  Queen  
  62  4:57  Roach  
  66  5:00  Drone x2  
  66  5:02  Drone  
  66  5:04  Drone  
  70  5:07  Drone  
  71  5:24  Drone x2  
  71  5:26  Extractor, Zerg Missile Weapons Level 1  
  71  5:27  Extractor  
  71  5:35  Zergling x6  
  73  5:37  Drone  
  73  5:38  Drone  
  73  5:40  Overlord x2  
  76  6:00  Roach  
  76  6:01  Roach x4  
  86  6:05  Roach x2  
  86  6:08  Zergling x4  
  86  6:09  Overlord x2  
  92  6:20  Overlord  
  92  6:30  Drone x3  
  95  6:39  Overlord x2  
  95  6:43  Hatchery  
  94  6:57  Drone x6  
  94  7:00  Lair  
  100  7:02  Zerg Ground Armor Level 1  
  100  7:04  Drone  
  100  7:06  Drone  
  102  7:12  Drone  
  103  7:26  Drone  
  103  7:27  Drone x4  
  108  7:40  Roach x2  
  112  7:45  Unknown  
  112  7:55  Roach x7  
  112  7:58  Queen  
  128  7:59  Queen  
  128  8:04  Glial Reconstitution  
  130  8:09  Extractor x2, Infestation Pit  
  125  8:50  Roach  
  125  8:51  Roach x5  
  125  8:52  Overlord x3  
  123  9:20  Hive  
  123  9:22  Drone  
  123  9:23  Drone x13  
  137  9:48  Hatchery  
  136  9:58  Roach x10  
  136  9:59  Roach  
  147  10:28  Drone x6  
  151  10:29  Drone x2  
  151  10:30  Overlord  
  151  10:33  Roach x3  
  151  10:34  Overlord  
  161  10:38  Zerg Ground Armor Level 2  
  161  10:39  Zerg Missile Weapons Level 2  
  161  10:40  Overlord  
  161  10:45  Extractor  
  161  10:49  Roach x3  
  168  10:50  Roach  
  168  10:51  Overlord  
  168  10:52  Overlord x4  
  168  11:08  Overseer  
  168  11:28  Roach x5  
  168  11:29  Roach x11  
  168  11:32  Ultralisk Cavern  
  197  11:46  Roach  
  187  12:22  Ultralisk x2  
  193  12:43  Ultralisk  
  197  12:51  Queen  
  193  12:52  Overseer  
  193  12:59  Ultralisk  
  199  13:10  Ultralisk  
  199  13:26  Ultralisk x3  
  177  13:35  Ultralisk x2  
  170  13:41  Zergling x2  
  170  13:42  Zergling x46  
  170  13:43  Zergling x12  
  170  13:48  Adrenal Glands  
  199  13:49  Chitinous Plating  
  199  13:51  Zergling x2  
  199  14:24  Hatchery  
  198  14:33  Overseer  
  198  14:38  Pneumatized Carapace  
  198  14:51  Nydus Network  
  174  15:37  Spire  
  169  15:48  Hatchery  
  168  15:55  Ravager x2  
  170  16:00  Ravager x4  
  170  16:01  Ravager x7  
  170  16:03  Roach x7  
  189  16:05  Hatchery, Zergling x2  
  189  16:06  Zergling x22  
  192  16:54  Greater Spire  
  192  17:01  Roach x2  
  196  17:11  Queen  
  151  17:34  Zergling x2  
  151  17:35  Zergling x14  
  86  18:16  Hatchery  
  86  18:17  Ultralisk  
  86  18:18  Ultralisk x2  
  103  18:30  Spawning Pool  
  103  18:32  Ultralisk Cavern  
  100  18:38  Ultralisk  
  105  18:41  Roach x2  
  105  18:42  Roach  
  105  18:48  Unknown x4  
  111  18:49  Ravager x4  
  115  19:23  Hatchery  
  111  19:28  Zerg Ground Armor Level 3  
  110  19:31  Zerg Missile Weapons Level 3  
  110  19:49  Zergling x10  
  114  20:04  Drone  
  114  20:05  Drone x2  
  117  20:19  Zergling x4  
  119  20:22  Corruptor x2  
  123  20:32  Corruptor  
  125  20:48  Drone  
  125  20:49  Drone x4  
  130  20:55  Unknown, Brood Lord  
  132  21:06  Drone x2  
  132  21:08  Brood Lord  
  136  21:13  Brood Lord  
  136  21:18  Ravager x2  
  140  21:20  Extractor  
  140  21:23  Extractor  
  138  21:29  Overseer  
  138  21:49  Corruptor x2  
  142  22:30  Corruptor x2  
  142  22:31  Corruptor  
  147  22:48  Zergling x2  
Show
View Real Time Build Order
Export as new Build Order

Rye Zerg - Winner!

Build Orders: Hatch First 

Get SALT Encoding   

  12  0:03  Drone  
  13  0:14  Overlord  
  13  0:18  Drone  
  14  0:32  Drone x2  
  16  0:36  Drone  
  17  0:53  Hatchery  
  16  0:58  Drone  
  16  1:00  Drone  
  16  1:04  Extractor  
  17  1:17  Spawning Pool  
  16  1:19  Drone  
  17  1:31  Drone  
  18  1:33  Drone  
  19  1:49  Overlord  
  19  2:05  Queen  
  21  2:13  Metabolic Boost  
  21  2:20  Hatchery  
  20  2:23  Drone  
  20  2:24  Drone x2  
  23  2:33  Zergling x2  
  23  2:34  Zergling x4  
  26  2:42  Queen  
  28  2:50  Baneling Nest  
  27  2:52  Zergling x2  
  28  3:00  Zergling x6  
  31  3:11  Zergling x4  
  31  3:12  Zergling x2  
  34  3:16  Overlord  
  34  3:43  Drone x6  
  34  3:45  Baneling x2  
  40  3:53  Drone  
  41  4:02  Roach Warren  
  40  4:08  Drone x5  
  45  4:18  Overlord  
  45  4:22  Extractor  
  44  4:26  Drone x3  
  44  4:28  Overlord  
  44  4:30  Overlord  
  47  4:41  Pneumatized Carapace  
  47  4:44  Extractor x2, Queen  
  47  4:50  Roach  
  47  4:55  Zergling x2  
  47  4:56  Zergling x18  
  57  5:04  Overlord  
  59  5:14  Drone x2  
  59  5:21  Roach x2  
  59  5:22  Roach  
  59  5:25  Roach  
  59  5:26  Roach x3  
  73  5:41  Drone x2  
  75  5:50  Overlord x4  
  75  5:57  Overlord x2  
  75  6:14  Lair  
  75  6:16  Drone x6  
  81  6:39  Extractor, Drone x6  
  86  6:41  Extractor  
  85  6:47  Roach  
  85  6:48  Roach x6  
  103  7:01  Roach x4  
  103  7:02  Roach  
  103  7:06  Overlord  
  103  7:07  Overlord  
  109  7:12  Glial Reconstitution  
  109  7:21  Evolution Chamber x2, Roach  
  109  7:22  Roach x2  
  113  7:31  Overseer  
  113  7:47  Roach  
  113  7:48  Roach x7  
  129  8:00  Zerg Missile Weapons Level 1  
  129  8:01  Zerg Ground Armor Level 1  
  129  8:06  Overlord x3  
  129  8:21  Overlord  
  129  8:22  Overlord x2  
  129  8:46  Roach x12  
  129  8:47  Roach x3  
  142  9:12  Roach  
  142  9:13  Roach x10  
  158  9:18  Tunneling Claws  
  158  9:24  Roach x2  
  162  9:32  Overlord  
  162  9:35  Roach x3  
  162  9:37  Overseer  
  168  9:39  Roach  
  166  10:05  Roach  
  166  10:06  Roach x10  
  174  10:18  Roach x2  
  178  10:24  Burrow  
  178  10:25  Overlord  
  178  10:26  Overlord x3  
  178  10:42  Zerg Missile Weapons Level 2  
  178  10:47  Zerg Ground Armor Level 2  
  178  10:51  Ravager  
  178  10:54  Extractor  
  178  11:01  Hatchery  
  178  11:03  Overlord  
  180  11:11  Roach  
  180  11:12  Roach x6  
  180  11:15  Ravager x5  
  197  11:22  Roach  
  199  11:45  Roach  
  197  11:56  Roach  
  199  12:07  Roach x6  
  197  12:17  Roach x7  
  189  12:41  Roach x5  
  197  12:50  Roach  
  199  12:51  Zergling x2  
  194  13:07  Hydralisk Den  
  193  13:16  Ravager x4  
  159  13:40  Roach  
  159  13:41  Roach x8  
  151  13:56  Roach x3  
  151  14:00  Drone x3  
  161  14:02  Ravager  
  161  14:03  Ravager x6  
  161  14:04  Ravager  
  161  14:06  Muscular Augments  
  168  14:16  Infestation Pit  
  167  14:18  Roach x29  
  167  14:35  Roach x6  
  167  14:36  Roach x6  
  191  14:44  Hydralisk  
  191  14:45  Hydralisk x3  
  199  14:54  Overseer  
  199  15:04  Roach x43  
  181  15:36  Hydralisk x8  
  181  15:37  Hydralisk  
  199  15:46  Overseer  
  199  15:48  Zergling x2  
  200  16:15  Roach x4  
  200  16:16  Roach x2  
  200  16:18  Unknown  
  200  16:20  Unknown x3  
  200  16:30  Roach  
  200  16:31  Roach  
  198  16:45  Extractor x2  
  186  16:50  Zergling x26  
  186  16:51  Zergling x2  
  200  17:08  Lurker Den  
  178  17:31  Hydralisk  
  178  17:32  Hydralisk x13  
  191  17:43  Roach  
  163  17:44  Roach x5  
  163  17:47  Unknown x2  
  163  17:49  Hydralisk  
  147  18:03  Hydralisk  
  147  18:04  Hydralisk x6  
  132  18:12  Hydralisk  
  123  18:13  Hydralisk  
  123  18:17  Hatchery  
  126  18:25  Hydralisk x3  
  126  18:34  Zergling x2  
  126  18:35  Zergling x10  
  127  18:42  Hydralisk x2  
  127  18:45  Hydralisk  
  133  19:04  Hive  
  133  19:22  Hydralisk x3  
  136  19:33  Zergling x10  
  141  20:14  Hydralisk x5  
  140  20:15  Hydralisk x2  
  150  20:27  Lurker  
  149  21:09  Lurker  
  149  21:10  Lurker x4  
  154  21:26  Zergling x30  
  154  21:27  Zergling x2  
  168  21:50  Roach x5  
  168  21:51  Roach  
  176  22:16  Hydralisk x5  
  180  22:26  Hydralisk  
  156  22:49  Hydralisk  
  156  22:50  Hydralisk x3  
  126  23:17  Roach x5  
  98  23:27  Zergling x4  
  98  23:28  Zergling x2  
Tags
 
Add a new tag
Caveats
  • Supply blocks, unpowered buildings, or Contaminate may cause inaccurate times.
  • Supply counts are checked every 10 seconds.